 Dungeon Crawl Stone Soup version 0.18.1-50-g88ac8fd (webtiles) character file.

68 lorenzova the Ducker (level 4, 0/35 HPs)
             Began as a Merfolk Skald on Oct 18, 2016.
             Slain by a gnoll
             ... wielding a +0 halberd
              (13 damage)
             ... on level 3 of the Dungeon.
             The game lasted 00:02:12 (1781 turns).

lorenzova the Ducker (Merfolk Skald)                Turns: 1781, Time: 00:02:13

Health: 0/35       AC:  3    Str: 13    XL:     4   Next: 19%
Magic:  4/7        EV: 13    Int: 11    God:
Gold:   42         SH:  0    Dex: 13    Spells: 2 memorised, 4 levels left

rFire  . . .     SeeInvis .     a - +0 spear
rCold  . . .     Gourm    .     b - +0 leather armour
rNeg   . . .     Faith    .     (no shield)
rPois  .         Spirit   .     (no helmet)
rElec  .         Dismiss  .     (no cloak)
rCorr  .         Reflect  .     (no gloves)
SustAt .         Harm     .     (no boots)
MR     .....                    (no amulet)
Stlth  +.........               (no ring)
                                (no ring)

@: infused (expiring), not resistant to hostile enchantments, very unstealthy
A: change form in water, swift swim
a: no special abilities


You were on level 3 of the Dungeon.
You were not hungry.

You visited 1 branch of the dungeon, and saw 3 of its levels.

You collected 42 gold pieces.

Inventory:

Hand Weapons
 a - a +0 spear (weapon)
Armour
 b - a +0 leather armour (worn)
Jewellery
 g - an uncursed ring of fire
Scrolls
 e - 2 scrolls of enchant armour {unknown}
 f - 2 scrolls of teleportation {unknown}
 i - 2 scrolls of remove curse {unknown}
 l - a scroll of random uselessness {unknown}
 m - 4 scrolls of identify {unknown}
 r - a scroll of immolation {unknown}
 s - a scroll of recharging {unknown}
Potions
 h - a potion of invisibility {unknown}
 k - 3 potions of curing {unknown}
 p - a potion of mutation {unknown}
 q - 2 potions of lignification {unknown}
Books
 c - a book of Battle

   Spells                             Type                      Level
   a - Infusion                       Charms                       1
   b - Shroud of Golubria             Charms/Translocation         2
   c - Song of Slaying                Charms                       2
   d - Spectral Weapon                Hexes/Charms                 3
   e - Regeneration                   Charms/Necromancy            3
Comestibles
 d - a bread ration
 j - 2 meat rations
 n - a slice of pizza
 o - a beef jerky


   Skills:
 + Level 3.5 Fighting
 - Level 3.0 Polearms
 - Level 0.6 Armour
 + Level 3.8 Dodging
 - Level 2.0 Spellcasting
 - Level 3.2 Charms


You had 4 spell levels left.
You knew the following spells:

 Your Spells              Type           Power        Failure   Level  Hunger
a - Infusion              Chrm           #...         12%         1    ##.....
b - Song of Slaying       Chrm           #.......     17%         2    ###....


Dungeon Overview and Level Annotations

Branches:
Dungeon (3/15)

Altars:
Gozag
Kikubaaqudgha
Nemelex Xobeh
Vehumet
Zin


Message History

The gnoll hits you from afar with a halberd!
Attack whom?
Press: ? - help, Dir - move target cursor, f/p - gnoll
Aim: a gnoll, wielding a halberd (moderately wounded)
You reach to attack!
You hit the gnoll.
The gnoll is moderately wounded.
The gnoll barely misses you.
Attack whom?
Press: ? - help, Dir - move target cursor, f/p - gnoll
Aim: a gnoll, wielding a halberd (moderately wounded)
You reach to attack!
You barely miss the gnoll.
The gnoll is moderately wounded.
Your magical infusion is running out.
Attack whom?
Press: ? - help, Dir - move target cursor, f/p - gnoll
Aim: a gnoll, wielding a halberd (moderately wounded)
You reach to attack!
You completely miss the gnoll.
The gnoll is moderately wounded.
The gnoll hits you from afar with a halberd!
You die...

### ######.# ....
#......#
#...###......#
###.....<......##.
..................
......###......#
.......).......#
.###.####.#..###
#@##.... #.# .....
#g# .#### ####r##
# #..gg.# #(....#
#.....# #.....#
#.......


You could see 3 gnolls and a rat.

Vanquished Creatures
  2 adders (D:2)
  An ooze (D:1)
  A worm (D:2)
  2 dart slugs
  A giant gecko (D:3)
  3 giant cockroaches
  5 goblins
  3 hobgoblins (D:2)
  6 jackals
  5 bats
  A giant newt (D:1)
  5 kobolds
  2 rats
37 creatures vanquished.

Notes
Turn   | Place    | Note
--------------------------------------------------------------
     0 | D:1      | lorenzova the Merfolk Skald began the quest for the Orb.
     0 | D:1      | Reached XP level 1. HP: 16/16 MP: 3/3
   341 | D:1      | Reached XP level 2. HP: 20/23 MP: 5/5
   355 | D:1      | Learned a level 2 spell: Song of Slaying
   723 | D:2      | Found a radiant altar of Vehumet.
   733 | D:2      | Reached XP level 3. HP: 28/28 MP: 6/6
  1083 | D:2      | Found an ancient bone altar of Kikubaaqudgha.
  1143 | D:2      | Found a sparkling altar of Nemelex Xobeh.
  1153 | D:2      | Found an opulent altar of Gozag.
  1192 | D:2      | Found a glowing silver altar of Zin.
  1259 | D:2      | Reached XP level 4. HP: 9/35 MP: 3/7
  1781 | D:3      | Slain by a gnoll

Skill      XL: |  1  2  3 |
---------------+----------+-----
Dodging        | 2 3 |  3.8
Fighting       | 3 |  3.5
Polearms       | |  3.0
Armour         | |  0.6
Spellcasting   | |  2.0
Charms         | |  3.2

Action                   |  1- 3 |  4- 6 || total
-------------------------+-------+-------++-------
Melee: Spear             |   145 |    43 ||   188
 Cast: Infusion          |     2 |     1 ||     3
 Stab: Sleeping          |       |     1 ||     1
  Eat: Chunk             |     1 |     2 ||     3
Armor: Leather armour    |    22 |     4 ||    26
Dodge: Dodged            |    72 |    24 ||    96
